 Dungeon Crawl Stone Soup version 0.25.1-2-g60ff931df9 (webtiles) character file.

Game seed: 10141791529332482754

125 Chiseanne the Magician (level 4, -12/30 HPs)
             Began as a Demonspawn Wizard on Oct 8, 2020.
             Mangled by an ogre
             ... wielding a +0 giant club
              (24 damage)
             ... on level 2 of the Dungeon.
             The game lasted 00:04:51 (3801 turns).

Chiseanne the Magician (Demonspawn Wizard)          Turns: 3801, Time: 00:04:52

Health: -12/30     AC:  3    Str:  7    XL:     4   Next: 82%
Magic:  0/10       EV: 12    Int: 21    God:
Gold:   140        SH:  0    Dex: 11    Spells: 5/11 levels left

rFire    . . .     SeeInvis .   f - +0 spear
rCold    . . .     Gourm    .   (no shield)
rNeg     . . .     Faith    .   a - +0 robe
rPois    .         Spirit   +   b - +0 hat
rElec    .         Reflect  .   (no cloak)
rCorr    .         Harm     .   (no gloves)
MR       .....                  p - +0 pair of boots
Stlth    ++........             (no amulet)
HPRegen  0.10/turn              (no ring)
MPRegen  0.12/turn              (no ring)

@: no status effects
A: magic shield, rot immunity
a: no special abilities


You were on level 2 of the Dungeon.
You were hungry.

You visited 1 branch of the dungeon, and saw 3 of its levels.

You collected 140 gold pieces.

Inventory:

Hand Weapons
 f - a +0 spear (weapon)
Missiles
 g - 23 bolts
 i - 63 sling bullets
 j - 7 stones (quivered)
 o - 22 arrows
 s - 4 boomerangs
Armour
 a - a +0 robe (worn)
 b - a +0 hat (worn)
 p - a +0 pair of boots (worn)
Jewellery
 q - an uncursed ring of ice
Scrolls
 c - 2 scrolls of identify
 e - a scroll of immolation {unknown}
 l - a scroll of amnesia
 m - 2 scrolls of remove curse
 n - a scroll of magic mapping
Potions
 k - a potion of brilliance
 r - a potion of curing
 u - a potion of stabbing
Comestibles
 d - 4 rations
 h - 2 chunks of flesh


   Skills:
 - Level 1.7 Dodging
 - Level 1.7 Stealth
 * Level 4.2 Spellcasting
 * Level 3.3 Conjurations
   Level 1.0 Summonings
 - Level 0.8 Translocations


You had 5 spell levels left.
You knew the following spells:

 Your Spells              Type           Power        Failure   Level  Hunger
a - Magic Dart            Conj           ###.         3%          1    None
b - Blink                 Tloc           N/A          12%         2    #......
d - Mephitic Cloud        Conj/Pois/Air  #.......     22%         3    ##.....

Your spell library contained the following spells:

 Spells                   Type           Power        Failure   Level  Hunger
 Call Imp                 Summ           #.......     12%         2    #......
 Slow                     Hex            #.......     19%         2    #......
 Conjure Flame            Conj/Fire      ##......     19%         3    ##.....


Dungeon Overview and Level Annotations

Branches:
Dungeon (3/15)

Altars:


Innate Abilities, Weirdness & Mutations

When hurt, damage is shared between your health and your magic reserves.
You are immune to rotting.


Message History

Evoke which item? (* to show all) (? for menu, Esc to quit)
Attack whom?
Press: ? - help, Dir - move target cursor, f/p - ogre
Aim: an ogre, wielding a +0 giant club (heavily wounded, confused)
You reach to attack!
You barely miss the ogre.
The ogre is heavily wounded.
You hit the ogre.
The ogre is severely wounded.
The ogre barely misses you.
You hit the ogre.
The ogre is severely wounded.
The ogre misses you.
You hit the ogre but do no damage.
The ogre is severely wounded.
The ogre barely misses you.
You hit the ogre.
The ogre is almost dead.
The ogre hits you with a +0 giant club!!
Ouch! That really hurt!
You die...

########## #>.......# #.######.#
#### ##### #O# #.# #... ##...#
#@#### #.# #.## ##....#
#....###.######.#
####.....#######..#............#
ยงยงยง.....................########
####....###.####.#.###..#
#####.#.###.# #.#.# #..#
..........#.####.#.###..#####
#########.#.....#.........[.# ##
#.######.#..##..###.#


You could see an ogre (confused).

Vanquished Creatures
  A worker ant (D:2)
  An adder (D:2)
  2 oozes (D:2)
  3 worms (D:2)
  4 dart slugs
  4 leopard geckos
  4 bats
  2 giant cockroaches (D:2)
  8 goblins
  13 hobgoblins
  8 kobolds
  2 ball pythons
  3 frilled lizards
  9 rats (D:1)
64 creatures vanquished.

Notes
Turn   | Place    | Note
-------+----------+-------------------------------------------
     0 | D:1      | Chiseanne the Demonspawn Wizard began the quest for the
                  | Orb.
     0 | D:1      | Reached XP level 1. HP: 13/13 MP: 4/4
   332 | D:1      | Gained mutation: When hurt, damage is shared between your
                  | health and your magic reserves. [demonic ancestry]
   332 | D:1      | Reached XP level 2. HP: 19/19 MP: 0/6
  1078 | D:1      | Reached XP level 3. HP: 18/24 MP: 2/8
  1601 | D:2      | Learned a level 2 spell: Blink
  1605 | D:2      | Learned a level 3 spell: Mephitic Cloud
  2891 | D:2      | Gained mutation: You are immune to rotting. [demonic
                  | ancestry]
  2891 | D:2      | Reached XP level 4. HP: 29/30 MP: 6/9
  3010 | D:2      | Reached skill level 4 in Spellcasting
  3769 | D:3      | Noticed an ogre
  3801 | D:2      | Mangled by an ogre

Illustrated notes

Levels and vault maps discovered:
D:1:      dpeg_arrival_oval, layout_basic, minmay_rat_gold_closets
D:2:      cheibrodos_greedy_goblins, layout_loops_ring
D:3:      layout_basic, first_ration, hangedman_abyss_or_decor_stabs

Skill      XL: |  1  2  3  4 |
---------------+-------------+-----
Conjurations   | 2 3 |  3.3
Spellcasting   | 4 |  4.2
Dodging        | |  1.7
Stealth        | |  1.7
Summonings     | |  1.0
Translocations | |  0.8

Action                   |  1- 3 |  4- 6 || total
-------------------------+-------+-------++-------
Melee: Spear             |    70 |    41 ||   111
 Cast: Magic Dart        |   118 |    33 ||   151
       Mephitic Cloud    |       |     3 ||     3
       Blink             |       |     1 ||     1
  Use: Scroll            |       |     9 ||     9
 Stab: Confused          |       |     1 ||     1
  Eat: Chunk             |     3 |     2 ||     5
       Ration            |     1 |       ||     1
Armor: Robe              |     7 |    11 ||    18
Dodge: Dodged            |    52 |    32 ||    84
